 Dungeon Crawl Stone Soup version 0.24.0 (webtiles) character file.

Game seed: 11823622193476132177, levelgen mode: deterministic

4218 PolloIta the Thaumaturge (level 10, -1/68 HPs)
             Began as a Mummy Necromancer on Feb 14, 2020.
             Was an Initiate of Kikubaaqudgha.
             Slain by Prince Ribbit (9 damage)
             ... on level 8 of the Dungeon.
             The game lasted 00:45:03 (9913 turns).

PolloIta the Thaumaturge (Mummy Necromancer)        Turns: 9913, Time: 00:45:03

Health: -1/68      AC:  5    Str: 11      XL:     10   Next: 9%
Magic:  25/25      EV: 12    Int: 18      God:    Kikubaaqudgha [......]
Gold:   429        SH:  0    Dex:  4 (13) Spells: 20/31 levels left

rFire    x . .     SeeInvis .   v - +4 trident
rCold    + . .     Gourm    .   (no shield)
rNeg     + + +     Faith    .   a - +0 robe
rPois    ∞         Spirit   .   (no helmet)
rElec    .         Reflect  .   (no cloak)
rCorr    .         Harm     .   h - +2 pair of gloves
MR       +....                  (no boots)
Stlth    +.........             (no amulet)
HPRegen  0.21/turn              (no ring)
MPRegen  0.19/turn              (no ring)

@: no status effects
A: no food or potions, fire vulnerability, cold resistance 1, negative energy
resistance 3, torment resistance, unbreathing
a: Renounce Religion


You were on level 8 of the Dungeon.
You worshipped Kikubaaqudgha.
Kikubaaqudgha was noncommittal.
You were not hungry.

You visited 2 branches of the dungeon, and saw 10 of its levels.

You collected 561 gold pieces.
You spent 132 gold pieces at shops.

Inventory:

Hand Weapons
 c - a +0 hand axe
 v - a +4 trident (weapon)
Armour
 a - a +0 robe (worn)
 f - a +0 shield
 h - a +2 pair of gloves (worn)
 k - a +0 buckler
Magical Staves
 l - an uncursed staff of energy
Wands
 g - a wand of paralysis (7)
 n - a wand of iceblast (5)
 q - a wand of disintegration (12)
 r - a wand of scattershot (5)
 t - a wand of polymorph (10)
 u - a wand of flame (20)
Scrolls
 b - 4 scrolls of teleportation
 d - a scroll of fog {unknown}
 e - 11 scrolls of identify {unknown}
 i - 4 scrolls of remove curse {unknown}
 j - 3 scrolls of magic mapping {unknown}
 m - a scroll of amnesia {unknown}
 o - a scroll of enchant armour {unknown}
 p - 2 scrolls of enchant weapon {unknown}
 s - a scroll of fear {unknown}


   Skills:
 + Level 2.5 Fighting
 + Level 0.3 Staves
 + Level 3.6 Dodging
 + Level 2.3 Stealth
 + Level 11.0 Spellcasting
 + Level 8.9 Necromancy
 * Level 1.3 Translocations
 - Level 5.0 Evocations


You had 20 spell levels left.
You knew the following spells:

 Your Spells              Type           Power        Failure   Level  Hunger
a - Pain                  Necr           ####         1%          1    N/A
b - Animate Skeleton      Necr           N/A          1%          1    N/A
c - Vampiric Draining     Necr           #####.....   1%          3    N/A
d - Animate Dead          Necr           N/A          1%          4    N/A
e - Blink                 Tloc           N/A          6%          2    N/A

Your spell library contained the following spells:

 Spells                   Type           Power        Failure   Level  Hunger
 Flame Tongue             Conj/Fire      #....        7%          1    N/A
 Throw Flame              Conj/Fire      #.....       11%         2    N/A
 Lesser Beckoning         Tloc           ##........   12%         3    N/A
 Conjure Flame            Conj/Fire      #.......     22%         3    N/A
 Inner Flame              Hex/Fire       #.......     22%         3    N/A
 Passage of Golubria      Tloc           N/A          38%         4    N/A
 Sticky Flame             Conj/Fire      #.......     56%         4    N/A
 Fireball                 Conj/Fire      #.........   89%         5    N/A
 Disjunction              Tloc           ##........   100%        8    N/A
 Regeneration             Chrm/Necr      Unusable     N/A         3    N/A

Dungeon Overview and Level Annotations

Branches:
Dungeon (9/15)             Temple (1/1) D:6
   Lair: D:8-11         Orc: D:9-12

Altars:
Ashenzari
Dithmenos
Elyvilon
Fedhas
Gozag
Kikubaaqudgha
Makhleb
Nemelex Xobeh
Okawaru
Qazlal
Ru
Sif Muna
Trog
Uskayaw
Vehumet
Wu Jian
Xom
Yredelemnul
Zin

Shops:
D:5 }   D:6 [

Annotations:
D:8 Maurice, Prince Ribbit


Innate Abilities, Weirdness & Mutations

You do not eat or drink.
Your flesh is vulnerable to fire.
You are immune to poison.
Your flesh is cold resistant. (rC+)
You are immune to negative energy. (rN+++)
You are immune to unholy pain and torment.
You can survive without breathing.


Message History

Prince Ribbit croaks regally.
You hear a zap.
A puff of flame appears from out of thin air!
The puff of flame hits you! The fire burns you terribly!
* * * LOW HITPOINT WARNING * * *
Your surroundings suddenly seem different.
A wight comes into view. It is wielding a +5 short sword.
Found 19 sling bullets.
A crimson imp comes into view.
The wight hits you with a cursed +5 short sword!
* * * LOW HITPOINT WARNING * * *
A wight comes into view. It is wielding a +0 falchion.
The wight barely misses you.
Found an escape hatch in the ceiling.
Found a ration.
Prince Ribbit croaks.
Prince Ribbit blinks!
Prince Ribbit hits you!
You die...
Kikubaaqudgha rasps: "You have failed me!
Welcome... oblivion!"

### ### ###.## ### #.# #....##
######<## ..##
##.....#######...##..# ...#
#.<##...#.........%z.#
#.####.......[...#.#####+##
.....(..##.....[####
##...........#..##
...........####F@##
....####......[...###
.....####.....z...#.#
#....#.##...........###
#.#....##.>..#####....# ####
........(....#####....# #..#
............!......§.######.###
.........z....####....##...Z..#
..............# #........###..#


You could see Prince Ribbit and 2 wights.

Vanquished Creatures
  Pikel (D:5)
  A kobold demonologist (D:7)
  2 hippogriffs
  A yak (D:9)
  2 hungry ghosts
  Menkaure (D:5)
  A water moccasin (D:8)
  Duvessa (D:6)
  An orc warrior (D:8)
  4 slaves
  2 ogres (D:9)
  3 centaurs
  3 bullfrogs
  A gnoll sergeant (D:6)
  Dowan (D:6)
  A wyvern skeleton (D:8)
  2 scorpions
  9 killer bees
  A wight (D:7)
  2 crimson imps
  A quasit (D:9)
  5 hounds
  2 orc priests (D:4)
  3 bullfrog skeletons
  2 orc wizards
  2 iguanas
  4 worker ants
  A hound zombie (D:6)
  A hound skeleton (D:6)
  A worker ant zombie (D:6)
  7 gnolls
  10 adders
  4 shadow imps
  An adder zombie (D:5)
  An adder skeleton (D:5)
  2 dart slugs (D:1)
  2 leopard geckos
  13 orcs
  A ball python (D:4)
  4 giant cockroaches
  8 goblins
  5 hobgoblins
  11 jackals
  7 kobolds
  6 quokkas
  6 bats
  4 frilled lizards
  A jackal zombie (D:6)
  A leopard gecko skeleton (D:8)
  A quokka skeleton (D:4)
  6 rats
163 creatures vanquished.

Vanquished Creatures (collateral kills)
  A water moccasin (D:8)
  2 hounds
  An adder skeleton (D:5)
  A dart slug (D:1)
  A goblin (D:2)
  A rat (D:2)
7 creatures vanquished.

Grand Total: 170 creatures vanquished

Notes
Turn   | Place    | Note
-------+----------+-------------------------------------------
     0 | D:1      | PolloIta the Mummy Necromancer began the quest for the Orb.
     0 | D:1      | Reached XP level 1. HP: 13/13 MP: 4/4
   245 | D:1      | Reached XP level 2. HP: 19/19 MP: 2/5
   325 | D:1      | Learned a level 1 spell: Animate Skeleton
   587 | D:1      | Reached skill level 3 in Spellcasting
  1033 | D:2      | Found a blossoming altar of Fedhas.
  1159 | D:2      | Reached XP level 3. HP: 24/24 MP: 3/7
  1228 | D:2      | Found a sacrificial altar of Ru.
  1447 | D:2      | Reached XP level 4. HP: 21/30 MP: 1/9
  2011 | D:2      | Reached skill level 5 in Necromancy
  2220 | D:3      | Reached skill level 4 in Spellcasting
  2412 | D:3      | Learned a level 3 spell: Vampiric Draining
  2606 | D:3      | Reached XP level 5. HP: 36/36 MP: 7/11
  2881 | D:3      | Found a stormy altar of Qazlal.
  3026 | D:3      | You fall into a shaft and drop 1 floor!
  3542 | D:4      | Reached skill level 1 in Evocations
  3715 | D:4      | Reached XP level 6. HP: 38/42 MP: 3/12
  3722 | D:4      | Found an opulent altar of Gozag.
  3728 | D:4      | Learned a level 4 spell: Animate Dead
  4190 | D:5      | Entered Level 5 of the Dungeon
  4236 | D:5      | Found Ziheelol's Gadget Emporium.
  4424 | D:5      | Reached skill level 5 in Spellcasting
  4430 | D:5      | Bought a wand of iceblast (7) for 132 gold pieces
  4450 | D:5      | Noticed Menkaure
  4455 | D:5      | Killed Menkaure
  4550 | D:5      | Reached XP level 7. HP: 41/47 MP: 8/15
  4637 | D:5      | Reached skill level 6 in Spellcasting
  4670 | D:5      | Reached skill level 1 in Fighting
  5031 | D:5      | Noticed Pikel
  5154 | D:5      | Killed Pikel
  5154 | D:5      | Reached skill level 7 in Spellcasting
  5154 | D:5      | Reached XP level 8. HP: 17/54 MP: 3/19
  5679 | D:6      | Found an ornate altar of the Wu Jian Council.
  5820 | D:6      | Reached skill level 8 in Spellcasting
  5853 | D:6      | Found a staircase to the Ecumenical Temple.
  5854 | D:6      | Noticed Duvessa
  5854 | D:6      | Noticed Dowan
  5871 | D:6      | Killed Duvessa
  5872 | D:6      | Killed Dowan
  5880 | Temple   | Entered the Ecumenical Temple
  6363 | D:6      | Found Mebuxecy's Antique Armour Shoppe.
  6545 | D:6      | Reached skill level 9 in Spellcasting
  6682 | D:7      | Reached XP level 9. HP: 54/61 MP: 16/22
  7196 | D:7      | Noticed a kobold demonologist
  7322 | D:7      | Noticed an orange demon
  7323 | D:7      | Noticed a smoke demon
  7324 | D:7      | Noticed a rust devil
  7326 | D:7      | Killed a kobold demonologist
  7326 | D:7      | Reached skill level 10 in Spellcasting
  8198 | D:8      | Identified the Incunabulum of Space
  8210 | D:8      | Learned a level 2 spell: Blink
  8216 | D:8      | Noticed Maurice
  8661 | D:8      | Found an ancient bone altar of Kikubaaqudgha.
  8673 | D:8      | Became a worshipper of Kikubaaqudgha
  8719 | D:8      | Noticed Prince Ribbit
  8720 | D:8      | Identified the +8 mace "Beetleslayer" {holy, *Noise +Inv
                  | Str+5}
  8938 | D:9      | Found a bloodstained altar of Trog.
  9010 | D:9      | Reached skill level 1 in Translocations
  9149 | D:9      | Reached skill level 5 in Evocations
  9149 | D:9      | Reached XP level 10. HP: 43/68 MP: 24/24
  9357 | D:9      | Found a shimmering blue altar of Sif Muna.
  9374 | D:9      | Noticed a two-headed ogre
  9873 | D:8      | Reached skill level 11 in Spellcasting
  9889 | D:8      | HP: 3/68 [wight/cursed +5 short sword (7)]
  9913 | D:8      | Slain by Prince Ribbit

Levels and vault maps discovered:
D:1:      dpeg_arrival_circle_labyrinth_c, layout_rooms
D:2:      layout_loops_ring, fedhas_altar_3, nicolae_ru_awakened_eye
D:3:      layout_loops_corners, lemuel_doored_altar, serial_glass,
          glass_columns_a, glass_columns_a
D:4:      layout_loops_ring, grunt_gozag_breadcrumbs, first_ration
D:5:      layout_rooms, serial_shops, nicolae_shop_crystal, uniq_menkaure,
          uniq_pikel
D:6:      layout_cave_pools, nicolae_overflow_crystal_walls, temple_green,
          serial_shops, shop, uniq_duvessa
D:7:      layout_basic
D:8:      minmay_the_grid_triangle_9x9_recursive_2
          [minmay_the_grid_triangle_9x9_prize_special,
          minmay_the_grid_triangle_9x9_from_above,
          minmay_the_grid_triangle_9x9_alien,
          minmay_the_grid_triangle_9x9_shrine], layout_cave_pools,
          kennysheep_mini_moat, tso_altar, slow_altar_2, uniq_maurice,
          uniq_prince_ribbit1
D:9:      layout_roguey, kennysheep_little_box, lemuel_coloured_pillars_altar,
          overflow_temple_1_default, david_lair_generic, uniq_joseph
Temple:   nicolae_temple_hex_pool
